Map: Hard Lead LE

Players

SubN - Winner!

  • Race: Zerg Zerg
  • League: Diamond
  • Spawn Location: 5:00

FreshJuice

  • Race: Protoss Protoss
  • League: Diamond
  • Spawn Location: 11:00

VOD

Have the link to the VOD?

Description

Time

  • Played on: Nov. 18, 2023, 10:52 a.m.
  • Length: 12:50
Show
View Real Time Build Order
Export as new Build Order

SubN Zerg - Winner!

Build Orders: Hatch First 

Get SALT Encoding   

  12  0:01  Drone  
  13  0:12  Overlord  
  13  0:18  Drone  
  14  0:30  Drone x2  
  16  0:51  Hatchery  
  16  0:54  Drone  
  16  0:55  Drone  
  17  0:58  Drone  
  17  1:02  Extractor  
  17  1:14  Spawning Pool  
  17  1:18  Drone  
  17  1:21  Drone  
  18  1:28  Drone  
  19  1:41  Overlord  
  19  1:49  Drone  
  20  2:02  Queen  
  20  2:03  Queen  
  20  2:04  Zergling x2  
  20  2:05  Zergling x2  
  26  2:08  Metabolic Boost  
  26  2:14  Zergling x2  
  27  2:20  Zergling x2  
  28  2:29  Drone x2  
  30  2:39  Queen  
  30  2:42  Queen  
  34  2:46  Overlord  
  34  2:51  Overlord  
  34  3:02  Drone x2  
  36  3:21  Hatchery  
  36  3:22  Queen  
  37  3:33  Drone x7  
  42  3:42  Drone x2  
  44  3:52  Drone x7  
  51  4:03  Drone  
  52  4:11  Overlord x2  
  52  4:17  Roach Warren  
  52  4:20  Evolution Chamber  
  52  4:22  Overlord x2, Evolution Chamber  
  49  4:26  Extractor  
  48  4:33  Extractor, Queen  
  48  4:34  Extractor  
  48  4:46  Drone x3  
  48  4:48  Drone x3  
  48  4:50  Drone x3  
  57  4:59  Drone  
  58  5:02  Zerg Missile Weapons Level 1  
  58  5:04  Overlord  
  58  5:05  Overlord  
  58  5:20  Overlord x2  
  60  5:21  Roach  
  60  5:22  Roach x6  
  60  5:25  Lair  
  74  5:35  Roach  
  74  5:36  Roach x3  
  80  5:51  Roach x7  
  80  5:54  Overlord  
  94  5:58  Overlord  
  94  6:18  Queen x2  
  94  6:21  Roach  
  94  6:22  Roach x2  
  80  6:40  Roach x8  
  90  6:51  Roach  
  90  6:52  Roach x4  
  92  6:54  Queen  
  92  7:00  Queen  
  92  7:03  Queen  
  92  7:07  Roach  
  92  7:08  Roach  
  86  7:22  Spore Crawler  
  86  7:24  Spore Crawler  
  86  7:26  Zergling x2  
  86  7:27  Zergling x16  
  86  7:28  Zergling x2  
  90  7:36  Queen  
  90  7:40  Queen  
  92  7:56  Overlord x2  
  92  7:58  Zerg Missile Weapons Level 2  
  92  8:03  Hydralisk Den  
  91  8:06  Zerg Ground Armor Level 1  
  91  8:09  Roach Warren  
  91  8:10  Drone x3  
  93  8:13  Drone  
  94  8:23  Drone x5  
  99  8:32  Grooved Spines  
  95  8:49  Queen  
  96  8:57  Drone x12  
  108  9:08  Hydralisk  
  108  9:09  Hydralisk x3  
  116  9:12  Overseer  
  116  9:13  Overseer  
  116  9:17  Hydralisk x2  
  116  9:23  Muscular Augments  
  120  9:25  Queen  
  120  9:30  Spore Crawler x2  
  120  9:33  Extractor, Spore Crawler  
  120  9:34  Extractor  
  120  9:38  Hydralisk  
  119  9:47  Hatchery  
  118  9:58  Hydralisk  
  118  9:59  Hydralisk x4  
  129  10:09  Overlord x4  
  128  10:39  Hydralisk  
  128  10:40  Hydralisk x11  
  152  10:47  Drone x6  
  158  11:02  Hatchery  
  158  11:03  Infestation Pit  
  145  11:17  Hydralisk x2  
  145  11:18  Hydralisk x9  
  122  11:42  Hydralisk x2  
  122  11:43  Hydralisk x7  
  141  11:56  Hydralisk  
  141  11:57  Hydralisk x5  
  131  12:26  Zergling x2  
  131  12:27  Zergling x16  
  140  12:37  Hatchery  
  140  12:38  Extractor  
  140  12:41  Extractor  
Show
View Real Time Build Order
Export as new Build Order

FreshJuice Protoss 

Build Orders: 1 Gate Expand 

Get SALT Encoding   

  12  0:00  Probe  
  13  0:13  Probe  
  14  0:18  Pylon  
  14  0:26  Probe  
  15  0:38  Gateway  
  15  0:41  Probe (Chrono Boost)  
  16  0:49  Assimilator  
  16  0:53  Probe (Chrono Boost)  
  17  0:58  Probe (Chrono Boost)  
  18  1:08  Probe  
  19  1:20  Probe  
  20  1:26  Cybernetics Core  
  20  1:32  Probe  
  21  1:41  Nexus  
  21  1:44  Probe  
  22  1:51  Pylon  
  22  1:55  Assimilator  
  22  2:02  Probe  
  22  2:06  Adept (Chrono Boost)  
  23  2:08  Warp Gate  
  23  2:14  Probe  
  26  2:25  Shield Battery  
  26  2:26  Probe  
  26  2:29  Adept  
  29  2:38  Probe  
  29  2:43  Stargate  
  30  2:51  Probe (Chrono Boost)  
  31  2:54  Probe (Chrono Boost)  
  32  2:59  Adept  
  32  3:01  Probe (Chrono Boost)  
  32  3:02  Probe (Chrono Boost)  
  36  3:06  Probe (Chrono Boost)  
  36  3:08  Probe  
  38  3:17  Probe  
  39  3:20  Probe  
  40  3:29  Probe  
  40  3:32  Probe  
  40  3:38  Void Ray (Chrono Boost)  
  40  3:39  Twilight Council  
  42  3:41  Probe  
  42  3:44  Probe  
  44  3:56  Pylon x2  
  44  4:01  Probe x2, Robotics Facility  
  46  4:14  Probe  
  47  4:26  Assimilator  
  47  4:29  Charge (Chrono Boost)  
  51  4:34  Void Ray  
  51  4:37  Pylon  
  51  4:38  Pylon  
  51  4:41  Gateway x2  
  51  4:43  Gateway  
  51  4:49  Gateway  
  51  4:51  Gateway  
  51  4:52  Warp Prism  
  51  5:03  Gateway  
  51  5:05  Gateway  
  53  5:08  Pylon  
  53  5:13  Pylon  
  57  5:27  Void Ray, Warp Prism  
  59  5:55  Zealot  
  59  5:56  Zealot x5  
  71  6:01  Zealot x2  
  79  6:13  Void Ray  
  79  6:16  Zealot x4  
  79  6:17  Zealot  
  87  6:29  Zealot x3  
  79  6:37  Zealot x3  
  69  6:54  Zealot x5  
  73  7:07  Zealot  
  73  7:08  Zealot x2  
  73  7:18  Zealot x4  
  59  7:57  Nexus  
  59  8:00  Pylon  
  59  8:02  Pylon  
  59  8:05  Probe x2  
  61  8:08  Templar Archives  
  61  8:09  Blink  
  61  8:10  Pylon  
  62  8:13  Observer  
  62  8:15  Assimilator  
  62  8:17  Probe x2  
  64  8:28  Forge, Zealot x3  
  64  8:29  Probe  
  64  8:33  Probe  
  72  8:41  Probe  
  72  8:45  Probe  
  72  8:49  High Templar x6  
  72  8:50  High Templar x2  
  72  8:53  Archon x3  
  72  8:54  Archon  
  84  9:12  Probe x3  
  84  9:14  Assimilator  
  87  9:17  Protoss Ground Weapons Level 1 (Chrono Boost)  
  87  9:18  Assimilator  
  88  9:24  Probe x2  
  89  9:39  Nexus  
  89  9:40  Pylon  
  89  9:43  Pylon  
  89  9:46  Zealot x5  
  89  9:47  Zealot x2  
  102  10:39  Observer  
  102  10:40  High Templar  
  102  10:41  High Templar x6  
  102  10:42  High Templar  
  119  10:45  Archon x3  
  119  10:46  Archon  
  119  10:48  Probe x2  
  119  10:49  Probe  
  122  10:51  Psionic Storm  
  122  10:59  Gateway  
  122  11:00  Probe  
  122  11:01  Probe  
  122  11:02  Gateway  
  122  11:04  Gateway  
  124  11:05  Gateway  
  124  11:06  Pylon  
  124  11:07  Pylon  
  110  11:13  Zealot  
  110  11:14  Zealot x5  
  110  11:15  Zealot x2  
  106  11:31  Probe x4  
  110  11:39  Observer  
  111  11:43  Probe x3  
  111  11:46  Stalker x2  
  111  11:47  Stalker x5  
  124  11:59  Zealot x3  
  124  12:00  Zealot  
  124  12:01  Observer  
  85  12:23  High Templar x6  
  85  12:24  High Templar  
  85  12:27  Zealot  
  85  12:28  Zealot x4  
  109  12:31  Probe x2  
  109  12:32  Probe x2, Assimilator  
  109  12:33  Assimilator  
Tags
 
Add a new tag
Caveats
  • Supply blocks, unpowered buildings, or Contaminate may cause inaccurate times.
  • Supply counts are checked every 10 seconds.